 Dungeon Crawl Stone Soup version 0.28.0-1-gb440e238dd (webtiles) character file.

Game seed: 5546457333835255645

57 smarlow the Covered (level 3, -1/33 HPs)
             Began as a Minotaur Fighter on Feb 26, 2022.
             Slain by Grinder (9 damage)
             ... on level 3 of the Dungeon.
             The game lasted 00:01:20 (1587 turns).

smarlow the Covered (Minotaur Fighter)              Turns: 1587, Time: 00:01:21

Health: -1/33      AC:  7    Str: 22    XL:     3   Next: 73%
Magic:  2/2        EV:  9    Int:  5    God:
Gold:   122        SH:  4    Dex:  9    Spells: 2/2 levels left

rFire   . . .      SeeInvis .   a - +0 war axe
rCold   . . .      Faith    .   c - +0 buckler
rNeg    . . .      Spirit   .   b - +0 scale mail
rPois   .          Reflect  .   (helmet restricted)
rElec   .          Harm     .   (no cloak)
rCorr   .          Rampage  .   (no gloves)
Will    .....                   (no boots)
Stlth   ..........              (no amulet)
HPRegen 0.11/turn               (no ring)
MPRegen 0.08/turn               (no ring)

@: no status effects
A: horns 2, retaliatory headbutt
a: no special abilities


You were on level 3 of the Dungeon.
You visited 1 branch of the dungeon, and saw 3 of its levels.

You collected 122 gold pieces.

Inventory:

Hand Weapons
 a - a +0 war axe (weapon)
Missiles
 e - 3 javelins (quivered)
Armour
 b - a +0 scale mail (worn)
 c - a +0 buckler (worn)
Scrolls
 f - a scroll of fear {unknown}
 g - a scroll of identify {unknown}
 h - a scroll of enchant weapon {unknown}
 j - a scroll of teleportation {unknown}
Potions
 d - a potion of might
 i - a potion of curing {unknown}


   Skills:
 + Level 4.2 Fighting
 + Level 3.2 Axes
 + Level 4.2 Armour
 + Level 4.2 Shields


You had 2 spell levels left.
You didn't know any spells.
Your spell library contained the following spells:

 Spells                   Type           Power      Damage    Failure   Level
 Animate Armour           Summ/Erth      0%         N/A       100%        4
 Blade Hands              Tmut           0%         N/A       100%        5
 Iron Shot                Conj/Erth      0%         9d1       100%        6


Dungeon Overview and Level Annotations

Branches:
Dungeon (3/15)

Altars:

Annotations:
D:3 Grinder


Innate Abilities, Weirdness & Mutations

You have a pair of horns on your head.
You reflexively headbutt those who attack you in melee.


Message History

No target in view!
You open the door.
There is an open door here.
Found a mace.
You now have 122 gold pieces (gained 4).
Done exploring.
Done exploring.
There is an open door here.
There is an open door here.
There is a stone staircase leading down here.
You climb downwards.
There is a stone staircase leading up here.
A bat is nearby!
You slash the bat!
You kill the bat!
Found a stone staircase leading down.
Grinder comes into view.
Grinder shouts!
Grinder hits you.
You writhe in agony.
You closely miss Grinder. You headbutt Grinder!
Grinder is moderately wounded.
Grinder hits you.
You writhe in agony.
You closely miss Grinder.
Grinder is moderately wounded.
Grinder blinks!
You hit Grinder. You headbutt Grinder, but do no damage.
Grinder is moderately wounded.
Grinder hits you.
You writhe in agony.
You are too injured to fight recklessly!
You are too injured to fight recklessly!
You are too injured to fight recklessly!
You are too injured to fight recklessly!
You slash Grinder!
Grinder is severely wounded.
Grinder hits you.
You writhe in agony.
* * * LOW HITPOINT WARNING * * *
You barely miss Grinder.
Grinder is severely wounded.
Grinder hits you!
You die...

#.#†.#.#.###.........###
...<..................>
#.##.#.#.#.#.........#
#....#.#.#...........##
##.....#..............#
.........#.....#......#.
...#####.#.....#........
..# #.#.#####......## #.
#.#......@5....# #.
#.#.######.....# #....
....... #.... .....##
#.# .....# #.# #.#### .#
.#


You could see Grinder.

Vanquished Creatures
  3 adders (D:2)
  A worm (D:2)
  A dart slug (D:2)
  2 bats
  An endoplasm (D:2)
  A goblin (D:1)
  3 hobgoblins
  3 quokkas (D:2)
  3 ball pythons
  4 frilled lizards (D:2)
  3 kobolds (D:2)
  A rat (D:1)
26 creatures vanquished.

Notes
Turn   | Place    | Note
-------+----------+-------------------------------------------
     0 | D:1      | smarlow the Minotaur Fighter began the quest for the Orb.
     0 | D:1      | Reached XP level 1. HP: 19/19 MP: 0/0
   144 | D:1      | You fall into a shaft and drop 1 floor!
   251 | D:2      | Reached XP level 2. HP: 27/27 MP: 1/1
   614 | D:1      | Reached XP level 3. HP: 33/33 MP: 2/2
   984 | D:1      | Found a faded altar of an unknown god.
  1580 | D:3      | Noticed Grinder
  1587 | D:3      | Slain by Grinder

Illustrated notes

Levels and vault maps discovered:
D:1:      lemuel_arrival_muddy, layout_basic, chequers_ecumenical_altar_grove
D:2:      layout_basic, feat_on_display
D:3:      layout_basic, uniq_grinder

Skill      XL: |  1  2 |
---------------+-------+-----
Fighting       | 4 |  4.2
Armour         | 4 |  4.2
Shields        | 4 |  4.2
Axes           | 3 |  3.2

Action                   || total
-------------------------++-------
Melee: War axe           ||    71
       Headbutt          ||     8
Armor: Scale mail        ||    23
Dodge: Dodged            ||    23
Block: Buckler           ||    13
